Map: Ephemeron LE

Players

Eleven - Winner!

  • Race: Terran Terran
  • League: Diamond
  • Spawn Location: 5:00

pHARM

  • Race: Zerg Zerg
  • League: Platinum
  • Spawn Location: 11:00

VOD

Have the link to the VOD?

Description

Time

  • Played on: Sept. 2, 2019, 7:56 p.m.
  • Length: 12:40
Show
View Real Time Build Order
Export as new Build Order

Eleven Terran - Winner!

Build Orders: Liberator Opening, Reaper Expand 

Get SALT Encoding   

  12  0:03  SCV  
  13  0:15  SCV  
  13  0:18  Supply Depot  
  14  0:29  SCV  
  15  0:41  SCV  
  15  0:42  Barracks  
  16  0:49  Refinery  
  16  0:54  SCV  
  17  1:06  SCV  
  18  1:18  SCV  
  19  1:35  Reaper  
  19  1:36  Orbital Command  
  20  1:40  Supply Depot  
  20  1:57  Command Center  
  20  2:02  Refinery  
  20  2:14  Factory  
  20  2:20  Marine  
  21  2:23  SCV  
  22  2:51  SCV  
  23  2:59  Barracks Reactor  
  23  3:01  Starport  
  23  3:03  SCV  
  23  3:04  Factory Tech Lab  
  24  3:15  SCV  
  24  3:19  Bunker  
  25  3:27  SCV  
  26  3:36  Orbital Command  
  26  3:37  Marine x2  
  26  3:39  Siege Tank, SCV  
  26  3:40  Liberator  
  31  3:51  SCV  
  32  3:59  Marine x2  
  37  4:03  SCV, Barracks  
  37  4:07  SCV  
  39  4:16  SCV  
  39  4:17  Marine  
  40  4:19  SCV  
  42  4:28  Siege Tank, SCV  
  46  4:37  Supply Depot  
  46  4:40  Supply Depot  
  46  4:46  Starport Reactor  
  46  4:53  Refinery  
  46  4:54  Barracks Tech Lab  
  46  4:59  Marine x2, SCV x2  
  50  5:01  Supply Depot  
  50  5:04  Engineering Bay  
  50  5:09  Supply Depot  
  50  5:11  SCV x2  
  50  5:12  Siege Tank  
  50  5:14  Marine  
  55  5:17  Marine x2  
  55  5:20  Stimpack  
  58  5:23  SCV x2  
  60  5:31  Engineering Bay  
  60  5:34  Marine  
  63  5:35  SCV x2  
  63  5:37  Supply Depot  
  63  5:42  Refinery  
  63  5:47  Command Center, SCV x2  
  65  5:59  SCV x2  
  65  6:00  Terran Infantry Armor Level 1, Terran Infantry Weapons Level 1  
  67  6:11  Armory  
  67  6:12  Marine x3  
  67  6:17  Siege Tank  
  73  6:21  SCV  
  73  6:22  SCV  
  75  6:29  Marine x2  
  75  6:30  Marine  
  78  6:33  SCV  
  78  6:38  Medivac  
  78  6:39  Medivac  
  83  6:47  Marine x2  
  82  7:03  Combat Shield  
  82  7:04  Marine  
  82  7:05  Marine x2  
  82  7:07  Siege Tank  
  88  7:22  Marine  
  88  7:23  Marine x2  
  91  7:30  Supply Depot  
  91  7:33  Terran Vehicle Weapons Level 1  
  91  7:39  Factory, Medivac  
  91  7:40  Marine  
  91  7:41  Marine, Barracks  
  91  7:42  Supply Depot  
  95  7:44  Supply Depot  
  95  7:55  Supply Depot  
  95  7:56  Orbital Command  
  95  7:58  SCV x2  
  97  8:04  Supply Depot  
  97  8:06  Marine x2  
  97  8:07  Marine, Supply Depot  
  97  8:09  Siege Tank  
  97  8:10  SCV x2, Medivac x2  
  109  8:18  Supply Depot  
  109  8:22  SCV x3  
  109  8:24  Marine x2, Refinery  
  116  8:34  Liberator, SCV x3  
  117  8:46  SCV x3  
  117  8:47  Marine x3  
  124  8:49  Siege Tank  
  124  8:50  Medivac  
  132  8:57  Barracks Reactor  
  132  8:58  Factory Tech Lab, SCV x2  
  133  9:03  Fusion Core  
  133  9:04  Marine  
  133  9:05  Marine x2  
  132  9:26  Marine  
  132  9:27  Marine x2  
  108  9:43  Marine x2  
  108  9:44  Marine  
  108  9:45  Marine x2  
  103  10:01  Marine x2  
  103  10:02  Marine x3, Siege Tank  
  111  10:19  Marine x2  
  111  10:20  Marine x3  
  116  10:35  Siege Tank  
  117  10:37  Marine x3  
  117  10:38  Marine  
  121  10:54  Marine  
  121  10:55  Marine x3  
  121  10:56  Marine  
  126  10:58  Medivac x2  
  130  11:07  Siege Tank  
  133  11:12  Marine x2  
  133  11:13  Marine x2  
  133  11:14  Marine  
  133  11:16  Liberator x2  
  125  11:30  Marine x3  
  125  11:31  Marine  
  125  11:32  Marine  
  129  11:39  Siege Tank  
  138  11:48  Marine x3  
  138  11:49  Marine  
  138  11:50  Marine  
  143  11:59  SCV x3  
  146  12:03  Refinery  
  146  12:06  Marine x3  
  146  12:07  Marine  
  146  12:08  Marine  
  151  12:10  Starport  
  151  12:11  SCV x3  
  150  12:23  SCV x3  
Show
View Real Time Build Order
Export as new Build Order

pHARM Zerg 

Build Orders: Hatch First 

Get SALT Encoding   

  12  0:09  Drone  
  13  0:16  Overlord  
  13  0:25  Drone  
  14  0:36  Drone x2  
  16  0:51  Hatchery  
  16  0:56  Drone  
  16  0:58  Drone  
  17  1:05  Drone  
  18  1:18  Spawning Pool  
  18  1:19  Drone  
  18  1:35  Drone  
  18  1:36  Drone  
  20  1:54  Extractor, Drone  
  21  1:57  Overlord  
  20  2:09  Queen x2  
  20  2:11  Zergling x4  
  26  2:21  Drone x2  
  28  2:26  Drone  
  29  2:34  Spine Crawler  
  27  2:52  Pneumatized Carapace  
  27  2:53  Drone x5  
  32  3:14  Drone x3  
  35  3:50  Hatchery  
  35  3:52  Drone x2  
  35  3:55  Overlord x2  
  36  3:57  Lair  
  36  4:00  Metabolic Boost  
  36  4:13  Queen, Drone x4  
  36  4:14  Drone x3  
  45  4:44  Drone x7  
  52  4:46  Overlord  
  52  4:50  Extractor x2  
  50  4:55  Baneling Nest  
  50  4:56  Evolution Chamber  
  50  4:59  Evolution Chamber  
  47  5:06  Queen  
  47  5:09  Spore Crawler  
  47  5:13  Spine Crawler, Drone x2  
  49  5:15  Zergling x2  
  49  5:16  Zergling x8  
  54  5:24  Drone x2  
  54  5:25  Spore Crawler  
  54  5:27  Zerg Melee Weapons Level 1  
  55  5:31  Zerg Ground Armor Level 1  
  55  5:40  Baneling x2  
  55  6:03  Overlord  
  55  6:04  Overlord x4  
  55  6:08  Zergling x20  
  65  6:22  Zergling x8  
  62  6:44  Drone x7  
  62  6:45  Drone x2  
  70  7:04  Extractor  
  70  7:06  Hydralisk Den  
  68  7:09  Drone  
  68  7:10  Drone x10  
  79  7:32  Zergling x14  
  79  7:33  Zergling x4  
  79  7:36  Grooved Spines  
  88  7:54  Zerg Melee Weapons Level 2  
  88  7:57  Zerg Ground Armor Level 2  
  88  8:07  Extractor  
  88  8:10  Extractor  
  86  8:17  Zergling x2  
  86  8:18  Zergling x22  
  86  8:19  Overlord x4  
  98  8:20  Overlord x3  
  98  8:27  Hatchery  
  97  8:37  Baneling x14  
  97  8:38  Baneling x4  
  97  8:39  Zergling x14  
  104  8:48  Muscular Augments  
  104  8:52  Hydralisk x4  
  112  9:00  Hydralisk x2  
  116  9:11  Hydralisk x3  
  91  9:30  Zergling x22  
  82  9:36  Zergling x2  
  82  9:37  Zergling x2  
  80  9:44  Zergling x2  
  80  9:45  Zergling x8  
  80  9:59  Zergling x6  
  68  10:05  Zergling x2  
  68  10:06  Zergling x2  
  63  10:10  Baneling  
  63  10:11  Baneling x6  
  59  10:22  Zergling x22  
  69  10:31  Centrifical Hooks  
  67  10:44  Hydralisk x4  
  67  10:45  Hydralisk x4  
  67  10:48  Overlord x4  
  81  10:59  Overlord  
  81  11:00  Overlord  
  80  11:04  Queen  
  67  11:26  Zergling x8  
  67  11:27  Zergling x12  
  67  11:54  Hydralisk x8  
  67  11:55  Hydralisk  
  85  12:11  Hydralisk x6  
Tags
 
Add a new tag
Caveats
  • Supply blocks, unpowered buildings, or Contaminate may cause inaccurate times.
  • Supply counts are checked every 10 seconds.